 Dungeon Crawl Stone Soup version 0.27.1-3-gb3d3a73c9e (webtiles) character file.

Game seed: 644398999595668201

289 Cheops the Magician (level 6, -7/40 HPs)
             Began as a Djinni Fire Elementalist on Oct 17, 2021.
             Mangled by Terence (8 damage)
             ... on level 3 of the Dungeon.
             The game lasted 00:07:51 (2949 turns).

Cheops the Magician (Djinni Fire Elementalist)      Turns: 2949, Time: 00:07:52

Health: -7/40      AC:  3    Str:  8    XL:     6   Next: 57%
Gold:   112        EV: 12    Int: 18    God:
                   SH:  0    Dex: 13

rFire    + + .     SeeInvis +   a - staff of conjuration
rCold    x . .     Faith    .   (no shield)
rNeg     + . .     Spirit   .   g - +0 robe
rPois    ∞         Reflect  .   j - +0 helmet
rElec    .         Harm     .   (no cloak)
rCorr    .         Rampage  .   (no gloves)
Will     .....                  (boots unavailable)
Stlth    ++........             (no amulet)
HPRegen  0.13/turn              e - ring of see invisible
MPRegen  0.00/turn              l - ring of positive energy

@: flying
A: sickness immunity, fire resistance 2, cold vulnerability 1, float, innate
caster, hp casting, extra vitality 1
a: no special abilities


You were on level 3 of the Dungeon.
You visited 1 branch of the dungeon, and saw 3 of its levels.

You collected 112 gold pieces.

Inventory:

Hand Weapons
 b - a +0 dagger
Armour
 g - a +0 robe (worn)
 j - a +0 helmet (worn)
Magical Staves
 a - a staff of conjuration (weapon)
Jewellery
 e - a ring of see invisible (left hand)
 l - a ring of positive energy (right hand)
Wands
 n - a wand of flame (12)
Scrolls
 c - a scroll of blinking {unknown}
 f - 3 scrolls of identify {unknown}
 o - 3 scrolls of vulnerability {unknown}
Potions
 d - a potion of curing {unknown}
 h - a potion of mutation {unknown}
 i - a potion of degeneration {unknown}
 k - a potion of lignification {unknown}
 m - 3 potions of heal wounds {unknown}


   Skills:
 - Level 2.1 Dodging
 - Level 1.5 Stealth
 + Level 5.3 Spellcasting


You couldn't memorise any spells.
You knew the following spells:

 Your Spells              Type           Power      Damage    Failure   Level
a - Foxfire               Conj/Fire      100%       2x1d9     1%          1
f - Fireball              Conj/Fire      18%        3d9       36%         5
h - Ensorcelled Hibernat  Hex/Ice        48%        N/A       2%          2
i - Inner Flame           Hex/Fire       24%        N/A       4%          3
s - Sticky Flame          Conj/Fire      36%        2d6       14%         4
A - Animate Skeleton      Necr           48%        N/A       1%          1
C - Conjure Flame         Conj/Fire      36%        6-21      4%          3
Your spell library was empty.

Dungeon Overview and Level Annotations

Branches:
Dungeon (3/15)

Altars:
Okawaru

Annotations:
D:3 Terence


Innate Abilities, Weirdness & Mutations

You are immune to sickness and miasma.
You are immune to poison.
Your flesh is very heat resistant. (rF++)
You are vulnerable to cold. (rC-)
You float through the air rather than walking.
You learn spells naturally, not from books.
Your magical power is your life essence.
You have superior vitality. (+4 HP)


Message History

Aim: a kobold, wielding a +0 whip (100% to hit)
You feel a surge of power!
The sticky flame hits the kobold.
You kill the kobold!
Terence burns!
Terence barely misses you. The black bear misses you.
The black bear closely misses you. x2
A hobgoblin comes into view.
Terence burns!
Terence drinks a potion.
Terence goes berserk!
Casting: Sticky Flame (quite dangerous; 14% risk of failure)
Confirm with . or Enter, or press ? or * to list all spells.
The spell is quite dangerous to cast (14% risk of failure)!
Continue anyway?
Aiming: Sticky Flame (quite dangerous; 14% risk of failure)
Press: ? - help, Shift-Dir - straight line, f - black bear
Aim: a black bear (lightly wounded, 100% to hit)
You feel a surge of power!
The sticky flame hits the black bear.
The black bear is moderately wounded.
The black bear is covered in liquid flames!
The hobgoblin shouts!
* * * LOW HITPOINT WARNING * * *
Terence burns!
Terence stops burning.
The black bear burns!
Terence closely misses you. x2; The black bear bites you.
* * * LOW HITPOINT WARNING * * *
The black bear closely misses you. The black bear completely misses you.
The black bear burns!
Terence hits you with a +0 morningstar.
* * * LOW HITPOINT WARNING * * *
Casting: Sticky Flame (quite dangerous; 14% risk of failure)
Confirm with . or Enter, or press ? or * to list all spells.
The spell is quite dangerous to cast (14% risk of failure)!
Continue anyway? [Y]es or [N]o only, please.
The spell is quite dangerous to cast (14% risk of failure)!
Continue anyway?
Aiming: Sticky Flame (quite dangerous; 14% risk of failure)
Press: ? - help, Shift-Dir - straight line, f - Terence, p - black bear
Aim: Terence, wielding a +0 morningstar and wearing a +1 ring mail of fire resistance (moderately wounded, berserk, 100% to hit)
You feel a surge of power!
The sticky flame hits Terence.
Terence resists.
Terence is moderately wounded.
Terence is covered in liquid flames!
* * * LOW HITPOINT WARNING * * *
Terence burns!
The black bear burns!
Terence hits you with a +0 morningstar!
* * * LOW HITPOINT WARNING * * *
Terence hits you with a +0 morningstar!
You die...

####.##.## #.# #.##
#..# ##.# #.# ##+##
#.###.# ##.h.##
#...... ##.@@).##
#####.# #.......##
##.###.#
#.........####.......
#.....g....'.<......#.
##.........####....###
..........## #.......
#..#.....## #..#.).)
##.......> #.##.._.
.###+## #..#.).)


You could see a black bear (burning), Terence (berserk, burning) and a
hobgoblin.

Vanquished Creatures
  Sigmund (D:3)
  2 orc priests (D:3)
  2 adders (D:2)
  A worm (D:2)
  2 dart slugs (D:1)
  An orc (D:3)
  3 ball pythons
  7 endoplasms
  A giant cockroach (D:2)
  2 hobgoblins
  2 jackals (D:2)
  6 kobolds
  3 quokkas
  6 bats
  A frilled lizard (D:2)
  7 goblins
  4 rats
51 creatures vanquished.

Vanquished Creatures (others)
  209 foxfires
  A fungus (D:3)
210 creatures vanquished.

Grand Total: 261 creatures vanquished

Notes
Turn   | Place    | Note
-------+----------+-------------------------------------------
     0 | D:1      | Cheops the Djinni Fire Elementalist began the quest for the
                  | Orb.
     0 | D:1      | Reached XP level 1. HP: 15/15 MP: 0/0
   259 | D:1      | Reached XP level 2. HP: 18/21 MP: 0/0
   829 | D:1      | Reached skill level 3 in Spellcasting
  1200 | D:1      | Reached XP level 3. HP: 21/25 MP: 0/0
  1200 | D:1      | Learned a level 1 spell: Animate Skeleton
  2240 | D:2      | Reached XP level 4. HP: 29/31 MP: 0/0
  2610 | D:3      | Noticed Sigmund
  2620 | D:3      | Killed Sigmund
  2621 | D:3      | Reached skill level 5 in Spellcasting
  2621 | D:3      | Reached XP level 5. HP: 28/35 MP: 0/0
  2621 | D:3      | Learned a level 2 spell: Ensorcelled Hibernation
  2621 | D:3      | Reached XP level 6. HP: 32/40 MP: 0/0
  2704 | D:3      | Found an iron altar of Okawaru.
  2936 | D:3      | Noticed Terence
  2936 | D:3      | Noticed a black bear
  2949 | D:3      | HP: 1/40 [Terence (11)]
  2949 | D:3      | Mangled by Terence

Illustrated notes

Levels and vault maps discovered:
D:1:      saegor_arrival_miasma, layout_basic
D:2:      layout_rooms
D:3:      layout_loops_corners, cheibrodos_ashenzari_chains,
          okawaru_ov_weapons_minmay, shapermc_ecumenical_altar_rom_forum,
          serial_shops, shop, minmay_misc_feat_ornament,
          kennysheep_generic_room_11, uniq_terence, uniq_sigmund, uniq_grinder

Skill      XL: |  1  2  3  4 |
---------------+-------------+-----
Spellcasting   | 3 5 |  5.3
Dodging        | |  2.1
Stealth        | |  1.5

Action                   |  1- 3 |  4- 6 || total
-------------------------+-------+-------++-------
Melee: Unarmed           |     3 |       ||     3
       Staff             |       |     1 ||     1
 Cast: Foxfire           |    85 |    39 ||   124
       Sticky Flame      |       |     4 ||     4
 Stab: Sleeping          |     1 |       ||     1
Armor: Robe              |     5 |     2 ||     7
Dodge: Dodged            |    12 |    22 ||    34
